 Dungeon Crawl Stone Soup version 0.30.0-29-ga12c61a403 (webtiles) character file.

Game seed: 4557993762908336438

597 Graphine the Trooper (level 7, -16/55 HPs)
             Began as a Demonspawn Monk on June 24, 2023.
             Killed from afar by an acid dragon (18 damage)
             ... with a splash of acid
             ... on level 5 of the Dungeon.
             The game lasted 00:08:48 (3905 turns).

Graphine the Trooper (Demonspawn Monk)              Turns: 3905, Time: 00:08:50

Health: -16/55     AC:  2    Str: 16    XL:     7   Next: 17%
Magic:  10/10      EV: 26    Int:  9    God:
Gold:   290        SH: 12    Dex: 17    Spells: 6/6 levels left

rFire   . . .        s - +5 flail
rCold   . . .        n - +3 kite shield
rNeg    . . .        g - +0 leather armour
rPois   .            p - +0 helmet
rElec   .            A - +0 cloak of the Enfolding Gods {-Tele Str+4 Int-2}
rCorr   .            (no gloves)
SInv    +            C - +0 pair of boots
Will    .....        o - amulet of the acrobat
Stlth   +            l - ring of flight
HPRegen 0.29/turn    u - ring of see invisible
MPRegen 0.12/turn

%: no teleportation, acrobat
@: corroded, acrobatic, flying
A: hooves 1, powered by death 1, spiny 2
a: no special abilities


You were on level 5 of the Dungeon.
You visited 1 branch of the dungeon, and saw 5 of its levels.

You collected 290 gold pieces.

Inventory:

Hand Weapons
 a - a +0 falchion of flaming
 m - a +8 club
 s - a +5 flail (weapon)
 v - a +1 dagger of speed
Missiles
 z - 2 atropa-tipped darts (quivered)
Armour
 f - a +1 buckler
 g - a +0 leather armour (worn)
 n - a +3 kite shield (worn)
 p - a +0 helmet (worn)
 A - the +0 cloak of the Enfolding Gods (worn) {-Tele Str+4 Int-2}
   (You found it on level 4 of the Dungeon)

   Str:       It affects your strength (+4).
   Int:       It affects your intelligence (-2).
   -Tele:     It prevents most forms of teleportation.
 C - a +0 pair of boots (worn)
Magical Staves
 h - a staff of poison
 j - a staff of air
Jewellery
 l - a ring of flight (left hand)
 o - an amulet of the acrobat (around neck)
 u - a ring of see invisible (right hand)
Wands
 c - a wand of digging (2)
 x - a wand of acid (4)
Scrolls
 d - a scroll of identify
 y - 3 scrolls of teleportation
Potions
 b - a potion of brilliance {unknown}
 e - a potion of berserk rage {unknown}
 i - 4 potions of lignification
 k - a potion of experience {unknown}
 q - a potion of curing {unknown}
 r - a potion of flight {unknown}
 t - a potion of attraction {unknown}
 w - a potion of might {unknown}
 B - a potion of cancellation {unknown}


   Skills:
 * Level 4.8 Fighting
 - Level 3.1 Long Blades
 + Level 1.7 Maces & Flails
 + Level 1.9 Armour
 + Level 3.7 Dodging
 + Level 2.0 Shields
 * Level 4.8 Invocations


You had 6 spell levels left.
You didn't know any spells.
Your spell library contained the following spells:

 Spells                   Type           Power      Damage    Failure   Level
 Cigotuvi's Dreadful Rot  Necr/Pois/Air  0%         N/A       93%         2
 Lesser Beckoning         Tloc           0%         N/A       93%         2
 Poisonous Vapours        Pois/Air       0%         N/A       93%         2
 Gell's Gravitas          Tloc           0%         N/A       99%         3
 Ignite Poison            Fire/Tmut/Pois 0%         N/A       99%         3
 Inner Flame              Hex/Fire       0%         N/A       99%         3
 Mephitic Cloud           Conj/Pois/Air  0%         N/A       99%         3
 Teleport Other           Tloc           0%         N/A       99%         3
 Freezing Cloud           Conj/Ice/Air   0%         6-21      100%        5
 Yara's Violent Unravell  Hex/Tmut       0%         3d3       100%        5
 Enfeeble                 Hex            0%         N/A       100%        7
 Chain Lightning          Conj/Air       0%         N/A       100%        9
 Fire Storm               Conj/Fire      0%         5d1       100%        9
 Shatter                  Erth           0%         3d5*      100%        9


Dungeon Overview and Level Annotations

Branches:
Dungeon (5/15)
 Temple: D:4-7

Altars:
Hepliaklqana

Shops:
D:4 (

Annotations:
D:3 2 transporters


Innate Abilities, Weirdness & Mutations

You have large cloven feet.
You regenerate a little health from kills.
You are mostly covered in sharp spines.


Message History

Hit: s) +5 flail
Press: ? - help, Dir - move target, f/p - acid dragon
Aim: an acid dragon (severely wounded, about 35% to evade your +5 flail)
You barely miss the acid dragon.
The acid dragon is severely wounded.
You block the adder's attack. You block the acid dragon's attack.
The acid dragon claws you but does no damage.
The ice beast is struck by your spines. The ice beast barely misses you.
The adder is struck by your spines. The adder bites you.
You are poisoned.
The adder poisons you!
Hit: s) +5 flail
Press: ? - help, Dir - move target, f/p - acid dragon
Aim: an acid dragon (severely wounded, about 35% to evade your +5 flail)
Okay, then.
Okay, then.
Hit: s) +5 flail
Press: ? - help, Dir - move target, f/p - acid dragon
Aim: an acid dragon (severely wounded, about 35% to evade your +5 flail)
You hit the acid dragon but do no damage.
The acid dragon is severely wounded.
You feel sick.
The acid dragon is struck by your spines.
The acid dragon bites you!
* * * LOW HITPOINT WARNING * * *
You block the acid dragon's attack. The ice beast is struck by your spines.
The ice beast closely misses you. You block the adder's attack. x2
The ice beast barely misses you. You block the acid dragon's attack.
The acid dragon claws you.
* * * LOW HITPOINT WARNING * * *
Okay, then.
The adder attacks as you move away! You block the adder's attack.
You feel sick. The adder attacks as you move away!
The adder completely misses you.
The acid dragon attacks as you move away!
You block the acid dragon's attack. The acid dragon misses you.
You feel sick.
You are no longer poisoned.
The acid dragon spits acid at you. The splash of acid hits you!!
You die...

.##### #.≈≈≈≈~.≈≈≈~ .#...#
#.~~~≈~.~≈≈~ .#.#.#
#....$..~~~~ .#.#.#
#.~~~~...... .#.#.#
#.~≈≈≈.~~~≈~ ...#.#
#.~≈Y~.~≈≈≈~ ####.#
#.~~D~.≈≈≈≈~ ...#.#
#.~~≈h.~~~~~
.#.#.##########.@S........
.#.#.##...................
.#.#.##.##################
.#...#..# '#####.##
.......# ########


You could see an acid dragon (catching breath), an ice beast, a howler monkey
and an adder.

Vanquished Creatures
  Edmund (D:4)
  A black bear (D:4)
  A sky beast (D:4)
  A scorpion (D:4)
  A crimson imp (D:4)
  A jelly (D:4)
  Ijyb (D:3)
  Terence (D:3)
  4 adders
  A white imp (D:4)
  2 worms
  3 dart slugs
  5 orcs
  4 bats
  4 endoplasms
  4 giant cockroaches
  8 goblins
  5 hobgoblins
  4 jackals
  7 kobolds
  4 quokkas
  8 ball pythons
  3 frilled lizards
  3 rats
77 creatures vanquished.

Notes
Turn   | Place    | Note
-------+----------+-------------------------------------------
     0 | D:1      | Graphine the Demonspawn Monk began the quest for the Orb.
     0 | D:1      | Reached XP level 1. HP: 18/18 MP: 1/1
   182 | D:1      | Gained mutation: You are partially covered in sharp spines.
                  | [demonic ancestry]
   182 | D:1      | Reached XP level 2. HP: 12/24 MP: 2/2
   554 | D:1      | Reached skill level 1 in Invocations
   565 | D:1      | Gained mutation: You have large cloven feet. [demonic
                  | ancestry]
   565 | D:1      | Reached XP level 3. HP: 22/29 MP: 3/3
  1683 | D:3      | Found a transporter.
  1816 | D:3      | Found a transporter.
  1820 | D:3      | Noticed Ijyb
  1837 | D:3      | Killed Ijyb
  1838 | D:3      | Gained mutation: You regenerate a little health from kills.
                  | [demonic ancestry]
  1838 | D:3      | Reached XP level 4. HP: 33/36 MP: 5/5
  1849 | D:3      | Noticed Terence
  1858 | D:3      | Killed Terence
  2139 | D:3      | Found a faded altar of an unknown god.
  2177 | D:3      | Reached skill level 1 in Shields
  2177 | D:3      | Reached XP level 5. HP: 42/42 MP: 7/7
  2590 | D:4      | Found a hazy altar of Hepliaklqana.
  2591 | D:4      | Found a faded altar of an unknown god.
  2591 | D:4      | Noticed Edmund
  2619 | D:4      | Killed Edmund
  2620 | D:4      | Reached skill level 1 in Maces & Flails
  2620 | D:4      | Reached skill level 1 in Armour
  2786 | D:4      | Noticed a sky beast
  2794 | D:4      | Killed a sky beast
  2795 | D:4      | Reached XP level 6. HP: 34/49 MP: 8/8
  3169 | D:4      | Gained mutation: You are mostly covered in sharp spines.
                  | [demonic ancestry]
  3169 | D:4      | Reached XP level 7. HP: 55/55 MP: 10/10
  3266 | D:4      | Found Wiema's Weapon Shop.
  3554 | D:4      | Identified the +0 cloak of the Enfolding Gods {-Tele Str+4
                  | Int-2}
  3604 | D:5      | Entered Level 5 of the Dungeon
  3905 | D:5      | HP: 2/55 [poisoned by an adder]
  3905 | D:5      | Killed from afar by an acid dragon

Illustrated notes

Levels and vault maps discovered:
D:1:      ebering_trefoil_twist, layout_basic
D:2:      layout_loops_ring, minmay_misc_feat_five
D:3:      gammafunk_steamed_eel, layout_basic, nicolae_ecumenical_pavilion,
          uniq_ijyb, uniq_terence
D:4:      layout_loops_cross, beargit_hepliaklqana_dungeon_heroes, serial_shops,
          shop, minmay_fire_ice_demons, uniq_edmund
D:5:      layout_basic, mainiacjoe_overflow_cross_hatched, minivault_14,
          chequers_serial_rivers_large_b, roderic_serpentine_path,
          uniq_blork_the_orc, uniq_crazy_yiuf_cottage

Skill      XL: |  1  2  3  4  5  6  7 |
---------------+----------------------+-----
Long Blades    | 3 |  3.1
Dodging        | 3 |  3.7
Invocations    | 1 2 3 4 |  4.8
Shields        | 1 2 |  2.0
Fighting       | 4 |  4.8
Maces & Flails | 1 |  1.7
Armour         | 1 |  1.9

Action                     |  1- 3 |  4- 6 |  7- 9 || total
---------------------------+-------+-------+-------++-------
  Melee: Falchion          |    87 |       |       ||    87
         Kick              |    12 |    18 |     1 ||    31
         Club              |       |    46 |       ||    46
         Flail             |       |    24 |    19 ||    43
    Use: Scroll            |     8 |     3 |       ||    11
         Potion            |     3 |     1 |       ||     4
   Stab: Sleeping          |     1 |     1 |       ||     2
         Distracted        |     1 |       |       ||     1
 Armour: Robe              |     8 |       |       ||     8
         Leather armour    |    12 |     9 |     4 ||    25
  Dodge: Dodged            |    59 |    36 |    13 ||   108
  Block: Buckler           |    13 |     7 |       ||    20
         Kite shield       |       |     8 |    19 ||    27
